 Dungeon Crawl Stone Soup version 0.30-a0-389-g8d7d949f56 (webtiles) character file.

Game seed: 9046344964674184758

107 funkygono the Firebug (level 4, -3/30 HPs)
             Began as a Demonspawn Fire Elementalist on Dec 3, 2022.
             Killed by divine providence
             ... invoked by an orc priest
              (9 damage)
             ... on level 3 of the Dungeon.
             The game lasted 00:06:14 (2936 turns).

funkygono the Firebug (DsFE)                        Turns: 2936, Time: 00:06:15

Health: -3/30      AC:  4    Str:  8    XL:     4   Next: 56%
Magic:  8/8        EV: 12    Int: 18    God:
Gold:   138        SH:  9    Dex: 14    Spells: 5/8 levels left

rFire   . . .      SeeInvis .    d - +0 whip
rCold   . . .      Faith    .    (no shield)
rNeg    . . .      Spirit   .    a - +0 robe
rPois   .          Reflect  +    (no helmet)
rElec   .          Harm     .    (no cloak)
rCorr   .          Rampage  .    (no gloves)
Will    .....                    (no boots)
Stlth   ++........               i - amulet of reflection
HPRegen 0.25/turn                (no ring)
MPRegen 0.11/turn                (no ring)

@: no status effects
A: molten scales 1, foul stench 1, condensation shield
a: no special abilities


You were on level 3 of the Dungeon.
You visited 1 branch of the dungeon, and saw 3 of its levels.

You collected 138 gold pieces.

Inventory:

Hand Weapons
 d - a +0 whip (weapon)
Armour
 a - a +0 robe (worn)
 q - a +0 leather armour
Jewellery
 i - an amulet of reflection (around neck)
Scrolls
 e - a scroll of summoning {unknown}
 g - a scroll of vulnerability {unknown}
 j - 2 scrolls of teleportation {unknown}
 k - a scroll of immolation {unknown}
 m - a scroll of amnesia {unknown}
 o - 3 scrolls of identify {unknown}
 s - a scroll of enchant armour {unknown}
Potions
 c - 5 potions of curing {unknown}
 f - a potion of ambrosia {unknown}
 h - a potion of heal wounds {unknown}
 l - a potion of mutation {unknown}
 n - a potion of berserk rage {unknown}
 p - 2 potions of haste {unknown}
 r - a potion of degeneration {unknown}
 t - a potion of flight {unknown}


   Skills:
 + Level 1.9 Dodging
 - Level 1.7 Stealth
 + Level 0.1 Shields
 + Level 2.8 Spellcasting
 + Level 2.1 Conjurations
 + Level 3.9 Fire Magic


You had 5 spell levels left.
You knew the following spells:

 Your Spells              Type           Power      Damage    Failure   Level
a - Foxfire               Conj/Fire      52%        2x1d6     4%          1
b - Scorch                Fire           32%        2d7       4%          2

Your spell library contained the following spells:

 Spells                   Type           Power      Damage    Failure   Level
 Kiss of Death            Conj/Necr      24%        2d7       11%         1
 Inner Flame              Hex/Fire       9%         N/A       22%         3
 Cigotuvi's Dreadful Rot  Necr/Pois/Air  4%         N/A       26%         2
 Ensorcelled Hibernation  Hex/Ice        4%         N/A       26%         2
 Kindle Blastsparks       Fire/Tloc/Air  14%        2d11      28%         3
 Flame Wave               Conj/Fire      13%        2d6       43%         4
 Confusing Touch          Hex            2%         N/A       45%         3
 Spider Form              Tmut/Pois      2%         N/A       45%         3
 Anguish                  Hex/Necr       1%         N/A       86%         4
 Dispel Undead            Necr           2%         3d7       86%         4
 Death Channel            Necr           1%         N/A       100%        6


Dungeon Overview and Level Annotations

Branches:
Dungeon (3/15)

Altars:
Cheibriados

Shops:
D:1 :


Innate Abilities, Weirdness & Mutations

You are partially covered in molten scales. (AC +2)
You may rarely emit foul miasma when damaged in melee.
A meltable shield of frost defends you. (SH +4)


Message History

The orc is no longer more vulnerable to fire.
You block the orc priest's attack. The orc hits you but does no damage.
Casting: Scorch (safe; 4% risk of failure)
Confirm with . or Enter, or press ? or * to list all spells.
You conjure some foxfire!
The orc priest hits you with a +0 dagger.
You block the hobgoblin's attack. You block the orc's attack.
Unknown command.
You hit the orc priest.
The orc priest is heavily wounded.
The foxfire hits the hobgoblin.
The hobgoblin is heavily wounded.
The foxfire hits the hobgoblin.
You kill the hobgoblin!
The orc priest hits you with a +0 dagger.
The orc misses you.
You hit the orc priest but do no damage.
The orc priest is heavily wounded.
You block the orc's attack. You block the orc priest's attack.
Unknown command.
You barely miss the orc priest.
The orc priest is heavily wounded.
The orc hits you with a +0 whip.
The orc priest hits you with a +0 dagger.
You hit the orc priest.
The orc priest is severely wounded.
The orc hits you with a +0 whip.
The orc priest calls down the wrath of Beogh upon you.
Pain shoots through your body!
You closely miss the orc priest.
The orc priest is severely wounded.
You block the orc's attack. You block the orc priest's attack.
You hit the orc priest but do no damage.
The orc priest is severely wounded.
You block the orc's attack. The orc priest barely misses you.
Magic courses through your body. The orc hits you with a +0 whip.
* * * LOW HITPOINT WARNING * * *
The orc priest invokes the aid of Beogh against you.
Beogh smites you!
You die...

##.## #.# .# #.# ..
##'## .# ##...##
.### ##.....## ...
##.......## ##.##
#.....§...####oo.##
+.........'...@†..#
#.........####...##
##.......## ##.##
##.....## ##
##...## ##+##


You could see an orc priest and an orc.

Vanquished Creatures
  3 adders
  2 dart slugs (D:2)
  5 orcs (D:3)
  10 ball pythons
  9 bats
  4 endoplasms
  A giant cockroach (D:1)
  8 hobgoblins
  7 jackals
  7 kobolds
  3 frilled lizards
  3 goblins
  4 rats (D:1)
66 creatures vanquished.

Vanquished Creatures (collateral kills)
  A foxfire (D:1)
1 creature vanquished.

Vanquished Creatures (others)
  203 foxfires
  2 fungi (D:1)
  7 plants (D:1)
212 creatures vanquished.

Grand Total: 279 creatures vanquished

Notes
Turn   | Place    | Note
-------+----------+-------------------------------------------
     0 | D:1      | funkygono the Demonspawn Fire Elementalist began the quest
                  | for the Orb.
     0 | D:1      | Reached XP level 1. HP: 13/13 MP: 3/3
   206 | D:1      | Found Evvycog's Book Shoppe.
   368 | D:1      | Reached skill level 3 in Fire Magic
   390 | D:1      | Gained mutation: You are partially covered in molten
                  | scales. (AC +2) [demonic ancestry]
   390 | D:1      | Reached XP level 2. HP: 19/19 MP: 0/5
   444 | D:1      | Learned a level 2 spell: Scorch
   962 | D:1      | Gained mutation: You may rarely emit foul miasma when
                  | damaged in melee. [demonic ancestry]
   962 | D:1      | Reached XP level 3. HP: 24/24 MP: 3/6
  1103 | D:1      | Found a faded altar of an unknown god.
  1514 | D:2      | Found a snail-covered altar of Cheibriados.
  1748 | D:2      | Gained mutation: A meltable shield of frost defends you.
                  | (SH +4) [demonic ancestry]
  1748 | D:2      | Reached XP level 4. HP: 30/30 MP: 5/7
  2465 | D:3      | Found a faded altar of an unknown god.
  2936 | D:3      | Killed from afar by an orc priest

Illustrated notes

Levels and vault maps discovered:
D:1:      matt_arrival_grand_opening, layout_basic, serial_shops,
          nicolae_shop_advertising_works [nicolae_subvault_shop_adworks],
          shapermc_ecumenical_altar_mp_ritualfount
D:2:      layout_basic, basic_altar, kennysheep_generic_room_10
D:3:      layout_loops_corners, nicolae_overflow_ecumenical_swirl

Skill      XL: |  1  2  3  4 |
---------------+-------------+-----
Fire Magic     | 3 |  3.9
Conjurations   | 2 |  2.1
Dodging        | |  1.9
Stealth        | |  1.7
Shields        | |  0.1
Spellcasting   | |  2.8

Action                   |  1- 3 |  4- 6 || total
-------------------------+-------+-------++-------
Melee: Whip              |    10 |     8 ||    18
       Punch             |       |     1 ||     1
 Cast: Foxfire           |    78 |    40 ||   118
       Scorch            |     1 |     3 ||     4
  Use: Potion            |       |     1 ||     1
Armor: Robe              |     6 |     7 ||    13
Dodge: Dodged            |    19 |    16 ||    35
Block: Other             |     3 |    18 ||    21

Table legend: (Time is in decaauts)
 A = Elapsed time spent in this place.
 B = Non-inter-level travel time spent in this place.
 C = Inter-level travel time spent in this place.
 D = Time resting spent in this place.
 E = Time spent auto-exploring this place.
 F = Levels seen in this place.
 G = Mean time per level.
                   A        B        C        D        E       F      G
               +--------+--------+--------+--------+--------+-----+--------+
         Total |   2939 |   2924 |     15 |      0 |   2455 |   3 |  979.7 |
       Dungeon |   2939 |   2924 |     15 |      0 |   2455 |   3 |  979.7 |
               +--------+--------+--------+--------+--------+-----+--------+

Top non-repeatable levels by time:
     D:1: 1375 daAuts
     D:2: 1048 daAuts
     D:3: 515 daAuts
